 Dungeon Crawl Stone Soup version 0.27.1-4-g1640c2035a (webtiles) character file.

Game seed: 10055591796351562453

12 tizbic2 the Chiller (level 2, 0/20 HPs)
             Began as a Demonspawn Ice Elementalist on Nov 13, 2021.
             Slain by a jackal (2 damage)
             ... on level 1 of the Dungeon.
             The game lasted 00:05:41 (815 turns).

tizbic2 the Chiller (Demonspawn Ice Elementalist)    Turns: 815, Time: 00:05:41

Health: 0/20       AC:  7    Str:  8    XL:     2   Next: 20%
Magic:  4/5        EV: 10    Int: 16    God:
Gold:   13         SH:  0    Dex: 13    Spells: 4/5 levels left

rFire    . . .     SeeInvis .   d - +0 club
rCold    . . .     Faith    .   (no shield)
rNeg     . . .     Spirit   .   f - +0 ring mail
rPois    .         Reflect  .   (no helmet)
rElec    .         Harm     .   (no cloak)
rCorr    .         Rampage  .   (no gloves)
Will     .....                  (no boots)
Stlth    +.........             (no amulet)
HPRegen  0.06/turn              (no ring)
MPRegen  0.09/turn              (no ring)

@: no status effects
A: molten scales 1
a: no special abilities


You were on level 1 of the Dungeon.
You visited 1 branch of the dungeon, and saw 1 of its levels.

You collected 13 gold pieces.

Inventory:

Hand Weapons
 d - a +0 club (weapon)
 i - a +0 trident
Missiles
 h - 8 poisoned darts
Armour
 a - a +0 robe
 f - a +0 ring mail (worn)
Scrolls
 c - a scroll of holy word {unknown}
 e - 4 scrolls of fear {unknown}
Potions
 b - a potion of mutation {unknown}
 g - a potion of lignification {unknown}


   Skills:
 + Level 0.4 Fighting
 + Level 1.8 Dodging
 - Level 1.9 Stealth
 + Level 2.0 Spellcasting
 + Level 4.0 Ice Magic


You had 4 spell levels left.
You knew the following spells:

 Your Spells              Type           Power      Damage    Failure   Level
a - Freeze                Ice            56%        1d7       12%         1

Your spell library contained the following spells:

 Spells                   Type           Power      Damage    Failure   Level
 Frozen Ramparts          Ice            28%        1d4       36%         3
 Ozocubu's Armour         Ice            14%        N/A       36%         3
 Conjure Flame            Conj/Fire      1%         6-21      88%         3
 Ignite Poison            Fire/Tmut/Pois 1%         N/A       88%         3
 Hailstorm                Conj/Ice       8%         3d4       95%         4
 Sticky Flame             Conj/Fire      1%         2d3       99%         4


Dungeon Overview and Level Annotations

Branches:
Dungeon (1/15)

Altars:

Shops:
D:1 *


Innate Abilities, Weirdness & Mutations

You are partially covered in molten scales. (AC +2)


Message History

The jackal bites you. x2; The jackal barely misses you.
The jackal completely misses you.
You barely miss the jackal.
The jackal is almost dead.
The jackal barely misses you.
The jackal bites you but does no damage. x3
Your ring mail prevents you from hitting the jackal.
The jackal is almost dead.
The jackal bites you but does no damage.
The jackal closely misses you. The jackal barely misses you.
You barely miss the jackal.
The jackal is almost dead.
The jackal barely misses you.
The jackal bites you but does no damage. x2
The jackal bites you.
You closely miss the jackal.
The jackal is almost dead.
The jackal bites you but does no damage. x3
The jackal misses you.
You barely miss the jackal.
The jackal is almost dead.
The jackal barely misses you. x2; The jackal bites you.
You barely miss the jackal.
The jackal is almost dead.
The jackal barely misses you. The jackal closely misses you.
The jackal bites you.
* * * LOW HITPOINT WARNING * * *
The jackal bites you.
* * * LOW HITPOINT WARNING * * *
Casting: Freeze (safe; 12% risk of failure)
Confirm with . or Enter, or press ? or * to list all spells.
Aiming: Freeze (safe; 12% risk of failure)
Press: ? - help, Shift-Dir - straight line, f - jackal
Aim: a jackal (almost dead)
You freeze the jackal.
You kill the jackal!
The jackal bites you.
* * * LOW HITPOINT WARNING * * *
The jackal bites you.
You die...

#. .... ..#
#.###?.###.#
#..........#
#.......$..#
.....#...?... ..#
.....#......###.#
................#
##......$.......#
.......###..###@##
#.............h..#
........_.....#..#
...............#..#
.........##....#..#
..................#
.#.....#.###.#....#
###....#.....#.####
.......#.#####.#


You could see a jackal.

Vanquished Creatures
  A ball python (D:1)
  An endoplasm (D:1)
  A giant cockroach (D:1)
  3 goblins (D:1)
  A jackal (D:1)
  A quokka (D:1)
  2 kobolds (D:1)
  2 rats (D:1)
12 creatures vanquished.

Notes
Turn   | Place    | Note
-------+----------+-------------------------------------------
     0 | D:1      | tizbic2 the Demonspawn Ice Elementalist began the quest for
                  | the Orb.
     0 | D:1      | Reached XP level 1. HP: 13/13 MP: 3/3
   126 | D:1      | Found Vutwic's General Store.
   164 | D:1      | Gained mutation: You are partially covered in molten
                  | scales. (AC +2) [demonic ancestry]
   164 | D:1      | Reached XP level 2. HP: 9/20 MP: 5/5
   551 | D:1      | Reached skill level 4 in Ice Magic
   762 | D:1      | Found a faded altar of an unknown god.
   815 | D:1      | Slain by a jackal

Illustrated notes

Levels and vault maps discovered:
D:1:      lemuel_arrival_river_ford, layout_basic,
          hellmonk_ecumenical_altar_lost_god, serial_shops, nicolae_square_shop

Skill      XL: |  1  2 |
---------------+-------+-----
Ice Magic      | 4 |  4.0
Fighting       | |  0.4
Dodging        | |  1.8
Stealth        | |  1.9
Spellcasting   | |  2.0

Action                   || total
-------------------------++-------
Melee: Unarmed           ||     9
       Club              ||    70
 Cast: Freeze            ||    10
 Stab: Sleeping          ||     2
Armor: Robe              ||     2
       Ring mail         ||    61
Dodge: Dodged            ||    73
